 Dungeon Crawl Stone Soup version 0.21.0-3-g78d12a8 (webtiles) character file.

37 Ignatius881 the Skirmisher (level 3, 0/29 HPs)
             Began as a Mummy Berserker on Jan 10, 2018.
             Was a Follower of Trog.
             Slain by Robin
             ... wielding a +1 spear of flaming
              (1 damage)
             ... on level 2 of the Dungeon.
             The game lasted 00:04:09 (2105 turns).

Ignatius881 the Skirmisher (Mummy Berserker)        Turns: 2105, Time: 00:04:10

Health: 0/29       AC:  2    Str: 20    XL:     3   Next: 23%
Magic:  4/4        EV: 12    Int:  6    God:    Trog [*.....]
Gold:   117        SH:  0    Dex: 12    Spells: 4/4 levels left

rFire    x . .     SeeInvis .   a - +0 hand axe
rCold    + . .     Gourm    .   (no shield)
rNeg     + + +     Faith    .   b - +0 animal skin
rPois    ∞         Spirit   .   (no helmet)
rElec    .         Reflect  .   (no cloak)
rCorr    .         Harm     .   (no gloves)
MR       .....                  (no boots)
Stlth    +.........             (no amulet)
HPRegen  0.09/turn              (no ring)
MPRegen  0.09/turn              (no ring)

@: no status effects
A: no food or potions, fire vulnerability, cold resistance 1, negative energy
resistance 3, torment resistance, unbreathing
a: Burn Spellbooks, Renounce Religion


You were on level 2 of the Dungeon.
You worshipped Trog.
Trog was aware of your devotion.
You were not hungry.

You visited 1 branch of the dungeon, and saw 2 of its levels.

You collected 117 gold pieces.

Inventory:

Hand Weapons
 a - a +0 hand axe (weapon)
Missiles
 h - 2 throwing nets (quivered) {!f}
Armour
 b - a +0 animal skin (worn)
Scrolls
 c - a scroll of identify {unknown}
 d - a scroll of remove curse {@r2}
 e - a scroll of magic mapping {unknown}
 f - 2 scrolls of enchant armour {unknown}
 g - a scroll of teleportation {unknown}


   Skills:
 + Level 3.1 Fighting
 + Level 2.6 Axes
 + Level 0.5 Throwing
 + Level 1.8 Armour
 + Level 1.8 Dodging
 + Level 0.7 Stealth
 + Level 0.3 Unarmed Combat
 + Level 1.2 Spellcasting


You had 4 spell levels left.
You didn't know any spells.

Dungeon Overview and Level Annotations

Branches:
Dungeon (2/15)

Altars:
Elyvilon

Annotations:
D:2 Robin


Innate Abilities, Weirdness & Mutations

You do not eat or drink.
Your flesh is vulnerable to fire.
You are immune to poison.
Your flesh is cold resistant. (rC+)
You are immune to negative energy. (rN+++)
You are immune to unholy pain and torment.
You can survive without breathing.


Message History

You closely miss the goblin. The goblin misses you.
You miss the goblin. You hit the goblin.
You kill the goblin!
Trog accepts your kill. The goblin hits you with a dagger.
You closely miss the goblin. The goblin hits you with a dagger.
You hit the goblin but do no damage. The goblin hits you with a dagger.
You hit the goblin.
You kill the goblin!
Trog accepts your kill.
Trog doesn't appreciate your training magic!
You feel a little guilty.
A goblin comes into view. It is wielding a club.
Things that are here:
a dagger; 31 gold pieces A goblin is nearby!
The goblin shouts!
Robin of the Strong Arm comes into view.
She is wielding a spear of flaming.
A hobgoblin comes into view. It is wielding a club.
The hobgoblin shouts!
The goblin barely misses you.
Robin roars a battlecry!
The goblins go into a battle-frenzy!
You hit the goblin.
You kill the goblin!
Trog accepts your kill.
Trog doesn't appreciate your training magic!
You feel a little guilty. Robin hits you with a spear of flaming.
Robin burns you.
Things that are here:
a club; a goblin corpse You barely miss Robin.
You closely miss the hobgoblin. Robin barely misses you.
The hobgoblin barely misses you.
You barely miss Robin. You barely miss the hobgoblin. Robin barely misses you.
The hobgoblin barely misses you.
You hit Robin but do no damage. You barely miss the hobgoblin.
Robin hits you with a spear of flaming.
* * * LOW HITPOINT WARNING * * *
Robin burns you.
* * * LOW HITPOINT WARNING * * *
The hobgoblin closely misses you. Robin hits you but does no damage.
You barely miss Robin. You hit the hobgoblin but do no damage.
The hobgoblin hits you with a club.
* * * LOW HITPOINT WARNING * * *
Robin says, "Feeling lonely?"
Robin hits you but does no damage.
Robin hits you from afar with a spear of flaming.
* * * LOW HITPOINT WARNING * * *
Robin burns you.
You die...

....>##...........
..................
.............<....
................##
......##.....####
......##.#.#.#####
........g........##
#####...g.........##
#....@..........#
#.<.............#
#.....).........#
#.....†.........#
#...............#
#...............#
##..........###.#
##.....#...#≈#.#
########..###.#


You could see Robin and a hobgoblin.

Vanquished Creatures
  A leopard gecko (D:1)
  12 goblins
  4 hobgoblins
  8 bats
  A frilled lizard (D:1)
  4 kobolds (D:1)
  5 rats
35 creatures vanquished.

Notes
Turn   | Place    | Note
-------+----------+-------------------------------------------
     0 | D:1      | Ignatius881 the Mummy Berserker began the quest for the Orb.
     0 | D:1      | Reached XP level 1. HP: 18/18 MP: 1/1
   612 | D:1      | Reached XP level 2. HP: 24/24 MP: 2/2
  1693 | D:2      | Found a white marble altar of Elyvilon.
  1708 | D:2      | Reached skill level 1 in Spellcasting
  1810 | D:2      | Reached XP level 3. HP: 15/29 MP: 4/4
  2096 | D:2      | Noticed Robin
  2105 | D:2      | HP: 1/29 [Robin/spear of flaming (4)]
  2105 | D:2      | Slain by Robin

Skill      XL: |  1  2 |
---------------+-------+-----
Spellcasting   | 1 |  1.2
Fighting       | |  3.1
Axes           | |  2.6
Throwing       | |  0.5
Armour         | |  1.8
Dodging        | |  1.8
Stealth        | |  0.7
Unarmed Combat | |  0.3

Action                   || total
-------------------------++-------
Melee: Hand axe          ||   109
  Use: Scroll            ||     1
Armor: Animal skin       ||    33
Dodge: Dodged            ||   100
